 Dungeon Crawl Stone Soup version 0.28-a0-704-g4d584c6bc1 (webtiles) character file.

Game seed: 17523143842079499804

74 Lekart the Skirmisher (level 4, -1/40 HPs)
             Began as a Draconian Fighter on Oct 24, 2021.
             Slain by Sigmund (12 damage)
             ... on level 2 of the Dungeon.
             The game lasted 00:01:22 (1067 turns).

Lekart the Skirmisher (Draconian Fighter)           Turns: 1067, Time: 00:01:22

Health: -1/40      AC:  5    Str: 19    XL:     4   Next: 10%
Magic:  4/4        EV: 12    Int:  9    God:
Gold:   47         SH:  4    Dex: 10    Spells: 3/3 levels left

rFire   . . .      SeeInvis .   a - +0 long sword
rCold   . . .      Faith    .   b - +0 buckler
rNeg    . . .      Spirit   .   (armour unavailable)
rPois   .          Reflect  .   (helmet restricted)
rElec   .          Harm     .   (no cloak)
rCorr   .          Rampage  .   (no gloves)
Will    .....                   (no boots)
Stlth   +.........              (no amulet)
HPRegen 0.13/turn               (no ring)
MPRegen 0.09/turn               (no ring)

@: mighty
A: AC +5, unfitting armour, cold-blooded
a: no special abilities


You were on level 2 of the Dungeon.
You visited 1 branch of the dungeon, and saw 2 of its levels.

You collected 47 gold pieces.

Inventory:

Hand Weapons
 a - a +0 long sword (weapon)
Missiles
 i - a throwing net (quivered)
Armour
 b - a +0 buckler (worn)
Jewellery
 f - a ring of poison resistance
Scrolls
 d - a scroll of enchant armour {unknown}
 g - a scroll of enchant weapon {unknown}
 h - a scroll of amnesia {unknown}
Potions
 e - a potion of cancellation {unknown}


   Skills:
 + Level 4.0 Fighting
 + Level 2.7 Long Blades
 + Level 3.2 Dodging
 + Level 3.5 Shields


You had 3 spell levels left.
You didn't know any spells.
Your spell library was empty.

Dungeon Overview and Level Annotations

Branches:
Dungeon (2/15)

Altars:

Annotations:
D:2 Sigmund


Innate Abilities, Weirdness & Mutations

Your plain brown scales are hard. (AC +5)
You cannot fit into any form of body armour.
You are cold-blooded and may be slowed by cold attacks.


Message History

You slash the adder!
You kill the adder!
You have reached level 4!
You feel clever.
No target in view!
Sigmund the Dreaded comes into view.
He is wielding a +0 scythe.
Sigmund is nearby!
Sigmund shouts!
No target in view!
No target in view!
No target in view!
No target in view!
Sigmund casts a spell at you.
You are confused.
You are too confused!
You bump into the rock wall.
Sigmund barely misses you.
Sigmund gestures wildly while chanting.
Sigmund flickers and vanishes!
Deactivating autopickup; reactivate with Ctrl-A.
You feel less confused.
You see here an adder corpse.
A puff of flame appears from out of thin air!
The puff of flame hits you.
You are confused.
You're too confused to move!
You bump into the rock wall.
A puff of flame appears from out of thin air!
The puff of flame hits you. Something hits you!
You bump into the rock wall.
Something hits you!
You feel very mighty all of a sudden.
You feel less confused.
A magic dart appears from out of thin air!
The magic dart hits you.
* * * LOW HITPOINT WARNING * * *
You hear some strange, mumbled words.
A puff of flame appears from out of thin air!
The puff of flame hits you.
* * * LOW HITPOINT WARNING * * *
You closely miss something. Something hits you!
You die...

.. ...#..#....... .#
#.#.......###
.#######...###.....###
.#......)...#........
.#(######.#.#.#....#
.#.# #..#...#..###
...# #.###..#..# ..#.#
#.........# .###.#
#######.#@# # ## #.#
#.#{# .##### .#
#.#.####...... #
#.#.##........
#...†#.#.#####
###....# # ##.###
##.## #...#


There were no monsters in sight!

Vanquished Creatures
  6 adders (D:2)
  A worm (D:2)
  2 endoplasms
  A giant cockroach (D:2)
  2 goblins (D:1)
  3 kobolds
  2 quokkas (D:1)
  A ball python (D:1)
  A frilled lizard (D:1)
  A rat (D:2)
20 creatures vanquished.

Notes
Turn   | Place    | Note
-------+----------+-------------------------------------------
     0 | D:1      | Lekart the Draconian Fighter began the quest for the Orb.
     0 | D:1      | Reached XP level 1. HP: 19/19 MP: 1/1
   392 | D:1      | Reached XP level 2. HP: 20/26 MP: 2/2
   666 | D:2      | Reached XP level 3. HP: 33/33 MP: 3/3
   979 | D:2      | Reached skill level 4 in Fighting
   987 | D:2      | Reached XP level 4. HP: 32/40 MP: 4/4
  1044 | D:2      | Noticed Sigmund
  1067 | D:2      | Slain by Sigmund

Illustrated notes

Levels and vault maps discovered:
D:1:      mainiacjoe_arrival_reflecting_pool, layout_loops_ring
D:2:      layout_loops_ring, shapermc_ecumenical_altar_venn,
          minmay_misc_feat_chi, minmay_pentomino_t2, uniq_jessica, uniq_sigmund

Skill      XL: |  1  2  3 |
---------------+----------+-----
Dodging        | 3 |  3.2
Fighting       | 4 |  4.0
Long Blades    | |  2.7
Shields        | |  3.5

Action                   |  1- 3 |  4- 6 || total
-------------------------+-------+-------++-------
Melee: Long sword        |    47 |     1 ||    48
       Tailslap          |     5 |       ||     5
  Use: Potion            |       |     1 ||     1
Armor: Skin              |    14 |       ||    14
Dodge: Dodged            |    24 |     1 ||    25
Block: Buckler           |    10 |       ||    10

Table legend: (Time is in decaauts)
 A = Elapsed time spent in this place.
 B = Non-inter-level travel time spent in this place.
 C = Inter-level travel time spent in this place.
 D = Time resting spent in this place.
 E = Time spent auto-exploring this place.
 F = Levels seen in this place.
 G = Mean time per level.
                   A        B        C        D        E       F      G
               +--------+--------+--------+--------+--------+-----+--------+
         Total |   1084 |   1061 |     23 |      0 |    903 |   2 |  542.0 |
       Dungeon |   1084 |   1061 |     23 |      0 |    903 |   2 |  542.0 |
               +--------+--------+--------+--------+--------+-----+--------+

Top non-repeatable levels by time:
     D:1: 636 daAuts
     D:2: 447 daAuts
